 Dungeon Crawl Stone Soup version 0.19.4-9-g45fd643 (webtiles) character file.

31689 esteth the Spear-Bearer (level 13, -9/90 HPs)
             Began as a Formicid Abyssal Knight on Feb 15, 2017.
             Was the Champion of Lugonu.
             Mangled by Rupert
             ... wielding a +3 battleaxe of freezing
              (28 damage)
             ... on level 6 of the Lair of Beasts on Feb 16, 2017.
             The game lasted 00:58:37 (21424 turns).

esteth the Spear-Bearer (Formicid Abyssal Knight)  Turns: 21424, Time: 00:58:38

Health: -9/90      AC: 21    Str: 20      XL:     13   Next: 98%
Magic:  3/10       EV: 11    Int: 16      God:    Lugonu [******]
Gold:   632        SH: 14    Dex:  6 (7)  Spells: 4 memorised, 3 levels left

rFire  . . .     SeeInvis +     O - +4 demon trident (antimagic)
rCold  . . .     Gourm    +     r - +4 ring mail
rNeg   . . .     Faith    .     R - +3 shield
rPois  .         Spirit   .     (helmet unavailable)
rElec  .         Reflect  .     I - +0 cloak
rCorr  .         Harm     .     M - +1 pair of gloves
MR     +....                    w - +2 pair of boots
Stlth  ..........               Q - amulet of Fakly {Gourm Str+2 Dex-5 SInv}
                                P - +3 ring of protection
                                j - ring of magical power

@: singing
A: permanent stasis, dig shafts and tunnels, four strong arms, antennae 3,
molten scales 1, clever 1, MP-powered wands
a: Dig, Shaft Self, Depart the Abyss, Bend Space, Banish, Corrupt, Enter the
Abyss, Brand Weapon With Distortion, Renounce Religion, Stop Singing


You were on level 6 of the Lair of Beasts.
You worshipped Lugonu.
Lugonu was exalted by your worship.
You were very full.

You visited 2 branches of the dungeon, and saw 17 of its levels.
You visited the Abyss 1 time.

You collected 1199 gold pieces.
You spent 567 gold pieces at shops.

Inventory:

Hand Weapons
 a - a +2 spear
 O - a +4 antimagic demon trident (weapon)
Armour
 g - a +4 plate armour
 r - a +4 ring mail (worn)
 w - a +2 pair of boots (worn)
 I - a +0 cloak (worn)
 M - a +1 pair of gloves (worn)
 R - a +3 shield (worn)
Jewellery
 d - an uncursed ring of fire
 j - a ring of magical power (left hand)
 l - an uncursed amulet of guardian spirit
 t - an uncursed ring of ice
 A - an uncursed ring of protection from cold
 P - a +3 ring of protection (right hand)
 Q - the amulet of Fakly (around neck) {Gourm Str+2 Dex-5 SInv}
   (You acquired it on level 11 of the Dungeon)

   [amulet of the gourmand]

   It allows you to eat raw meat even when not hungry.
   It affects your strength (+2).
   It affects your dexterity (-5).
   It lets you see invisible.
 S - a +2 ring of evasion
Wands
 b - a wand of lightning (6/15)
 e - a wand of acid (8/15)
 n - a wand of lightning (10/15)
 q - a wand of random effects (25/48)
 B - a wand of digging (15/24)
 C - a wand of random effects (28/48)
 F - a wand of lightning (15/15)
 L - a wand of paralysis (17/24)
 N - a wand of digging (11/24)
Scrolls
 f - a scroll of amnesia
 o - 7 scrolls of remove curse
 p - 3 scrolls of fear
 s - a scroll of summoning
 E - 3 scrolls of fog
 G - 8 scrolls of identify
Potions
 i - a potion of cure mutation
 m - 8 potions of curing
 u - 3 potions of lignification
 x - 3 potions of flight
 z - 4 potions of agility
 V - a potion of might
Books
 y - a book of Battle

   Spells                             Type                      Level
   a - Infusion                       Charms                       1
   b - Shroud of Golubria             Charms/Translocation         2
   c - Song of Slaying                Charms                       2
   d - Spectral Weapon                Hexes/Charms                 3
   e - Regeneration                   Charms/Necromancy            3
 D - a book of Maledictions

   Spells                             Type                      Level
   a - Corona                         Hexes                        1
   b - Ensorcelled Hibernation        Hexes/Ice                    2
   c - Confuse                        Hexes                        3
   d - Tukima's Dance                 Hexes                        3
   e - Dazzling Spray                 Conjuration/Hexes            3
 T - a book of Frost

   Spells                             Type                      Level
   a - Freeze                         Ice                          1
   b - Throw Frost                    Conjuration/Ice              2
   c - Ozocubu's Armour               Charms/Ice                   3
   d - Throw Icicle                   Conjuration/Ice              4
   e - Summon Ice Beast               Ice/Summoning                4
Comestibles
 c - 9 bread rations
 h - 3 beef jerkies
 k - 10 meat rations
 v - 8 slices of pizza
 H - 3 royal jellies
 J - 25 fruits
 U - 10 chunks of flesh


   Skills:
 - Level 4.7 Fighting
 - Level 14.4 Polearms
 - Level 4.0 Armour
 - Level 2.8 Dodging
 - Level 9.0 Shields
 * Level 9.0 Hexes
 - Level 7.5 Charms
 - Level 12.4 Invocations


You had 3 spell levels left.
You knew the following spells:

 Your Spells              Type           Power        Failure   Level  Hunger
a - Infusion              Chrm           ###.         1%          1    ##.....
b - Song of Slaying       Chrm           ###.....     2%          2    ###....
c - Spectral Weapon       Hex/Chrm       ####....     4%          3    ####...
d - Regeneration          Chrm/Necr      ##........   30%         3    ####...


Dungeon Overview and Level Annotations

Branches:
Dungeon (11/15)            Temple (0/1) D:4            Lair (6/6) D:11
  Swamp (0/4) Lair:4       Spider (0/4) Lair:4        Slime (0/5) Lair:5
    Orc: D:9-12

Altars:
Kikubaaqudgha
Makhleb
Okawaru
Qazlal
Sif Muna
Trog
Xom
The Shining One

Shops:
D:9 (

Annotations:
D:7 4 exclusions
Lair:1 exclusion: oklob plant
Lair:6 Rupert
Abyss:1 Grum


Innate Abilities, Weirdness & Mutations

You are under a permanent stasis effect.
You can dig through walls and to a lower floor.
Your four strong arms can wield two-handed weapons with a shield.
You have a pair of large antennae on your head. (SInv)
You are partially covered in molten scales. (AC +2)
Your mind is acute. (Int +2)
You expend magic power (3 MP) to strengthen your wands.


Message History

* * * LOW HITPOINT WARNING * * *
Rupert freezes you!
* * * LOW HITPOINT WARNING * * *
Found a quarterstaff.
You feel much better.
Rupert hits you with a battleaxe of freezing!
* * * LOW HITPOINT WARNING * * *
Rupert freezes you.
* * * LOW HITPOINT WARNING * * *
You don't have enough magic at the moment.
Okay, then.
Okay, then.
Okay, then.
Evoke which item? (* to show all) (? for menu, Esc to quit)
Okay, then.
Okay, then.
Found 22 gold pieces.
You hear a croak.
Rupert hits you with a battleaxe of freezing!!
You die...

......... ....
##..........#...#
#..........#....##
###.........#.....#
#PP..........#...# #
#P..............#...
#PP.................
#..........@@..$.)..
#.††../...#.....#P
#.........#<..$##
##.......###....#
#........# ....#
##........# ?...#
#..[......PP.....
#.................
#............


You could see Rupert (berserk).

Vanquished Creatures
  Gastronok (D:10)
  2 hydras
  An unseen horror (D:11)
  An oklob plant (D:11)
  An ugly thing (D:11)
  A cyclops (D:11)
  2 black mambas
  8 spiny frogs
  6 komodo dragons
  3 rime drakes
  A hornet (D:9)
  Prince Ribbit (D:9)
  2 polar bears (Lair:5)
  8 blink frogs
  2 dream sheep (D:9)
  6 hippogriffs
  A shadow (D:11)
  4 basilisks
  35 yaks
  Menkaure (D:6)
  5 water moccasins
  Duvessa (D:7)
  7 porcupines
  3 black bears
  A hornet zombie (D:5)
  5 sky beasts
  An orc warrior (D:11)
  A phantom (D:5)
  An eye of draining (D:11)
  A necrophage (D:9)
  7 wolves
  12 ogres
  2 centaurs
  21 crocodiles
  5 big kobolds
  13 bullfrogs
  4 scorpions
  A water moccasin skeleton (D:11)
  Dowan (D:7)
  12 killer bees
  12 wights
  4 electric eels
  8 howler monkeys
  5 centaur zombies
  4 crimson imps
  A quasit (D:9)
  4 orc priests
  2 bullfrog zombies
  3 hounds
  9 jellies
  2 orc wizards
  A bullfrog skeleton (D:9)
  4 iguanas
  2 worker ants
  7 hell rats (Lair:3)
  A hound zombie (D:7)
  2 hound skeletons
  2 worker ant zombies (D:9)
  15 adders
  3 gnolls (D:11)
  3 shadow imps
  15 oozes
  An adder zombie (D:6)
  6 adder skeletons
  A worm (D:3)
  3 dart slugs
  5 leopard geckos
  22 orcs
  8 goblins
  9 hobgoblins
  9 jackals
  3 bats
  2 frilled lizards
  23 kobolds
  7 rats
  A fungus (Lair:3)
  2 plants (D:11)
402 creatures vanquished.

Vanquished Creatures (others)
  A hydra (D:10)
  A centaur warrior (D:10)
  A bush (D:4)
  14 fungi
  2 plants (Lair:3)
  3 spectral weapons
22 creatures vanquished.

Grand Total: 424 creatures vanquished

Notes
Turn   | Place    | Note
-------+----------+-------------------------------------------
     0 | Abyss:1  | esteth the Formicid Abyssal Knight began the quest for the Orb.
     0 | Abyss:1  | Reached XP level 1. HP: 18/18 MP: 2/2
    37 | Abyss:1  | Noticed a chaos spawn
    40 | D:1      | Escaped the Abyss
   152 | D:1      | Reached skill level 1 in Dodging
   266 | D:1      | Reached XP level 2. HP: 24/24 MP: 3/3
   552 | D:1      | Reached * piety under Lugonu
   782 | D:1      | Reached XP level 3. HP: 29/29 MP: 4/4
  1348 | D:2      | Reached XP level 4. HP: 31/36 MP: 6/6
  2087 | D:3      | Reached ** piety under Lugonu
  2243 | D:3      | Reached XP level 5. HP: 37/42 MP: 7/7
  2689 | D:4      | Found a bloodstained altar of Trog.
  2692 | D:4      | Found a shimmering altar of Xom.
  2692 | D:4      | Found a deep blue altar of Sif Muna.
  2814 | D:4      | You fall through a shaft for 2 floors!
  2829 | D:6      | Reached skill level 3 in Polearms
  2836 | D:6      | Reached XP level 6. HP: 21/48 MP: 4/8
  3044 | D:5      | Entered Level 5 of the Dungeon
  3128 | D:4      | Noticed an ogre
  3167 | D:4      | Killed an ogre
  3428 | D:4      | Found a staircase to the Ecumenical Temple.
  3428 | D:4      | Noticed an ogre
  3463 | D:4      | Noticed an ogre
  3465 | D:4      | You fall through a shaft for 2 floors!
  3750 | D:5      | Noticed a sky beast
  3836 | D:4      | Gained mutation: Your body sometimes deteriorates upon taking damage. [potion of mutation]
  3836 | D:4      | Gained mutation: You expend magic power (3 MP) to strengthen your wands. [potion of mutation]
  3836 | D:4      | Lost mutation: Your body sometimes deteriorates upon taking damage. [potion of mutation]
  3867 | D:4      | Killed an ogre
  3867 | D:4      | Reached XP level 7. HP: 6/55 MP: 3/9
  4166 | D:4      | Reached skill level 4 in Polearms
  4283 | D:4      | Reached skill level 5 in Polearms
  4604 | D:4      | Found an ancient bone altar of Kikubaaqudgha.
  4604 | D:4      | Found a stormy altar of Qazlal.
  4634 | D:4      | Reached XP level 8. HP: 61/61 MP: 11/11
  4653 | D:4      | Reached skill level 6 in Polearms
  5247 | D:5      | Reached skill level 7 in Polearms
  5298 | D:5      | Reached skill level 8 in Polearms
  5579 | D:5      | Reached XP level 9. HP: 39/66 MP: 7/12
  5679 | D:5      | Reached skill level 9 in Polearms
  6380 | D:6      | Noticed Menkaure
  6398 | D:6      | Killed Menkaure
  6411 | D:6      | Reached *** piety under Lugonu
  6450 | D:6      | Reached skill level 10 in Polearms
  7110 | D:7      | Found an iron altar of Okawaru.
  7520 | D:7      | Reached skill level 11 in Polearms
  7899 | D:7      | Noticed Dowan
  7921 | D:7      | Killed Dowan
  7929 | D:7      | Noticed Duvessa
  7959 | D:7      | Killed Duvessa
  8110 | D:7      | Reached XP level 10. HP: 70/73 MP: 11/13
  8346 | D:7      | Found a burning altar of Makhleb.
  8515 | D:7      | Reached skill level 5 in Invocations
  8941 | D:8      | Reached **** piety under Lugonu
  9252 | D:8      | Learned a level 1 spell: Infusion
  9255 | D:8      | Learned a level 2 spell: Song of Slaying
  9259 | D:8      | Learned a level 3 spell: Spectral Weapon
  9734 | D:8      | Found a glowing golden altar of the Shining One.
  9778 | D:8      | Reached skill level 1 in Charms
 10085 | D:9      | Found Uqoe's Antique Weapon Emporium.
 10201 | D:9      | Noticed Prince Ribbit
 10232 | D:9      | Killed Prince Ribbit
 10434 | D:9      | Reached skill level 5 in Charms
 10831 | D:9      | Reached XP level 11. HP: 77/78 MP: 16/16
 10853 | D:9      | Reached skill level 1 in Hexes
 10992 | D:9      | Noticed a three-headed hydra
 11011 | D:9      | Lost mutation: You expend magic power (3 MP) to strengthen your wands. [potion of cure mutation]
 11018 | D:9      | Killed a three-headed hydra
 11574 | D:9      | Bought a runed demon trident for 567 gold pieces
 11946 | D:9      | Reached skill level 1 in Shields
 12023 | D:10     | Entered Level 10 of the Dungeon
 12671 | D:10     | Reached ***** piety under Lugonu
 12785 | D:10     | Noticed a seven-headed hydra
 12785 | D:10     | Banished a seven-headed hydra
 12901 | D:10     | Noticed a centaur warrior
 12958 | D:10     | Banished a centaur warrior
 13148 | D:10     | Noticed Gastronok
 13175 | D:10     | Killed Gastronok
 13305 | D:11     | Noticed an oklob plant
 13582 | D:11     | Identified a scroll of acquirement
 13583 | D:11     | Got a clouded zirconium amulet
 13585 | D:11     | Identified the amulet of Fakly {Gourm Str+2 Dex-5 SInv} (You acquired it on level 11 of the Dungeon)
 13640 | D:11     | Reached XP level 12. HP: 84/84 MP: 8/17
 13645 | D:11     | Noticed Grum
 13673 | D:11     | Banished Grum
 13969 | D:11     | Reached skill level 12 in Polearms
 14346 | D:11     | Found a staircase to the Lair.
 14368 | D:11     | Noticed an unseen horror
 14375 | D:11     | Killed an unseen horror
 14815 | Lair:1   | Entered Level 1 of the Lair of Beasts
 14815 | Lair:1   | Noticed an eight-headed hydra
 14825 | D:11     | Killed an eight-headed hydra
 14825 | D:11     | Reached skill level 13 in Polearms
 16243 | Lair:1   | Reached skill level 14 in Polearms
 16849 | Lair:2   | Reached XP level 13. HP: 80/90 MP: 9/18
 16893 | Lair:2   | Learned a level 3 spell: Regeneration
 18071 | Lair:3   | Reached skill level 10 in Invocations
 18443 | Lair:3   | Gained mutation: You expend magic power (3 MP) to strengthen your wands. [potion of mutation]
 18443 | Lair:3   | Gained mutation: You are partially covered in molten scales. (AC +2) [potion of mutation]
 18443 | Lair:3   | Gained mutation: Your mind is acute. (Int +2) [potion of mutation]
 18994 | Lair:3   | Reached ****** piety under Lugonu
 19698 | Lair:4   | Found a hole to the Spider Nest.
 19952 | Lair:4   | Found a staircase to the Swamp.
 20467 | Lair:5   | Found a staircase to the Slime Pits.
 21215 | Lair:6   | Entered Level 6 of the Lair of Beasts
 21401 | Lair:6   | Noticed Rupert
 21424 | Lair:6   | Mangled by Rupert

Skill      XL: |  1  2  3  4  5  6  7  8  9 10 11 12 13 |
---------------+----------------------------------------+-----
Dodging        | 1 2 |  2.8
Armour         | 3 4 |  4.0
Invocations    | 3 4 7 12 | 12.4
Fighting       | 4 |  4.7
Polearms       | 3 5 8 11 14 | 14.4
Charms         | 6 7 |  7.5
Hexes          | 6 9 |  9.0
Shields        | 8 9 |  9.0

Action                   |  1- 3 |  4- 6 |  7- 9 | 10-12 | 13-15 || total
-------------------------+-------+-------+-------+-------+-------++-------
Melee: Spear             |   107 |   257 |   599 |   621 |       ||  1584
       Demon trident     |       |       |       |   476 |   552 ||  1028
 Cast: Spectral Weapon   |       |       |       |     2 |     3 ||     5
       Song of Slaying   |       |       |       |     1 |     1 ||     2
       Regeneration      |       |       |       |       |     1 ||     1
Invok: Depart the Abyss  |     1 |       |       |       |       ||     1
       Banish            |       |       |       |     3 |     1 ||     4
 Abil: Shaft Self        |       |     2 |       |       |       ||     2
       Dig               |       |       |       |     2 |     1 ||     3
  Use: Scroll            |     1 |     9 |     8 |     9 |     4 ||    31
       Potion            |       |     4 |     5 |     1 |    12 ||    22
 Stab: Distracted        |       |       |       |     2 |       ||     2
  Eat: Chunk             |     1 |     7 |     9 |    27 |    16 ||    60
       Bread ration      |       |     1 |     1 |     2 |       ||     4
Armor: Plate armour      |    58 |   153 |   307 |   123 |       ||   641
       Ring mail         |       |       |       |   209 |    65 ||   274
Dodge: Dodged            |    16 |    73 |   143 |   275 |   137 ||   644
Block: Shield            |       |       |       |   151 |   177 ||   328
